Canucks vs Golden Knights
Created - March 20, 2022 at 21:04
Goals
|
Canucks |
1 |
1 |
0 |
2 |
Golden Knights |
1 |
0 |
0 |
1 |
|
Shots
|
Canucks |
13 |
9 |
6 |
28 |
Golden Knights |
13 |
6 |
9 |
28 |
|
1st period
1. Canucks , Drew Doughty 10 (Paul Stastny 13, Derick Brassard 31) at 11:40 (PP)
2. Golden Knights , Kellan Lain 11 (Michael Frolik 23, Zach Bogosian 31) at 12:46 (PP)
Penalties :
Jason Akeson (Van) for Goalie Interference (Minor) at 3:32, Matt Stajan (Veg) for Interference (Minor) at 10:53, Jason Akeson (Van) for High sticking (Minor) at 12:22, Mathew Dumba (Veg) for Hooking (Minor) at 19:43
2nd period
3. Canucks , Sam Gagner 18 (Nick Palmieri 16, Robert Nilsson 33) at 0:04 (PP)
Penalties :
Vladimir Mihalik (Veg) for Slashing (Minor) at 15:35
3rd period
No Goal
Penalties :
Martin Hanzal (Veg) for Interference (Minor) at 1:04, Vladimir Mihalik (Veg) for Slashing (Double Minor) at 6:51, Martin Hanzal (Veg) for Roughing (Minor) at 13:04, Garnet Hathaway (Van) for Tripping (Minor) at 15:24
Goalie Stats
Ryan Miller (Van), 27 saves from 28 shots - (0.964), W, 7-21-4, 60:00 minutes
Matt Hackett (Veg), 26 saves from 28 shots - (0.929), L, 4-4-1, 59:09 minutes
Players Stats for Canucks
Player Name G A P +/- PIM S H SB GA TA FO MP PP MP PK MP
------------------------------------------------------------------------------------
Alex Goligoski 0 0 0 0 0 3 0 1 0 0 0/0 21:25 7:04 0:00
Christian Fischer 0 0 0 0 0 0 0 0 0 0 0/0 5:10 0:28 0:00
Cody Eakin 0 0 0 0 0 1 0 0 1 1 5/7 11:59 0:00 0:14
Derick Brassard 0 1 1 0 0 1 3 2 1 0 3/5 18:46 5:11 1:00
Drew Doughty 1 0 1 0 0 2 2 4 0 3 0/0 30:18 6:57 1:49
Fabian Brunnstrom 0 0 0 0 0 2 0 0 0 0 0/1 13:43 0:44 1:03
Garnet Hathaway 0 0 0 0 2 2 1 0 1 0 0/0 12:13 0:28 0:00
Jason Akeson 0 0 0 0 4 0 0 1 0 0 0/0 16:40 5:11 0:00
Maxim Talbot 0 0 0 0 0 2 0 0 0 0 4/4 5:55 0:00 0:49
Michael Kostka 0 0 0 0 0 2 2 1 0 0 0/0 18:46 0:00 2:33
Nick Palmieri 0 1 1 0 0 2 1 1 1 0 3/4 22:57 5:16 2:19
Paul Stastny 0 1 1 0 0 4 3 1 0 1 0/0 20:13 5:11 0:00
Robert Nilsson 0 1 1 0 0 2 2 0 2 0 20/41 24:12 5:18 2:19
Sam Gagner 1 0 1 0 0 4 1 0 0 0 1/3 23:40 5:18 1:00
Shea Weber 0 0 0 0 0 0 0 0 0 0 0/0 7:28 0:00 0:00
Simon Despres 0 0 0 0 0 0 0 0 0 0 0/0 0:00 0:00 0:00
Tyler Myers 0 0 0 0 0 1 3 0 1 4 0/0 26:43 4:07 2:33
Yann Sauvé 0 0 0 0 0 0 0 0 0 1 0/0 15:27 4:07 1:49
Players Stats for Golden Knights
Player Name G A P +/- PIM S H SB GA TA FO MP PP MP PK MP
------------------------------------------------------------------------------------
Andrei Loktionov 0 0 0 0 0 2 0 1 1 1 17/25 23:38 2:26 6:08
Andrew Cogliano 0 0 0 0 0 3 1 0 0 0 0/1 15:32 1:56 2:00
Chris Tierney 0 0 0 0 0 1 0 0 0 1 4/7 12:22 0:00 1:52
Danny DeKeiser 0 0 0 0 0 1 2 1 1 0 0/0 24:04 1:22 4:28
Jamie Oleksiak 0 0 0 0 0 1 0 1 0 0 0/0 5:42 0:00 0:21
Kellan Lain 1 0 1 0 0 2 0 0 2 1 1/1 21:08 2:19 3:22
Martin Hanzal 0 0 0 0 4 0 0 0 0 0 1/6 7:32 0:00 0:00
Mathew Dumba 0 0 0 0 2 0 1 1 4 2 0/0 29:38 3:00 6:23
Mats Zuccarello 0 0 0 0 0 2 1 0 1 0 0/0 7:01 0:00 0:00
Matt Stajan 0 0 0 0 2 4 1 1 0 0 2/11 17:41 1:56 3:11
Michael Frolik 0 1 1 0 0 5 0 1 0 1 4/13 22:48 2:19 6:01
Nathan Horton 0 0 0 0 0 1 1 0 0 0 0/0 10:17 0:07 0:00
Olli Maatta 0 0 0 0 0 0 1 0 0 0 0/0 15:29 0:00 2:32
Shawn Matthias 0 0 0 0 0 0 1 1 0 0 0/0 7:01 0:00 0:00
Thomas Vanek 0 0 0 0 0 1 2 1 0 0 0/0 10:17 0:07 0:00
Vladimir Mihalik 0 0 0 0 6 0 2 2 0 0 0/0 17:26 1:22 1:39
Wayne Simmonds 0 0 0 0 0 1 2 0 1 0 0/1 13:32 1:56 0:00
Zach Bogosian 0 1 1 0 0 4 0 2 0 1 0/0 27:42 3:00 6:19
3 Stars
1 - Ryan Miller (Van)
2 - Drew Doughty (Van)
3 - Sam Gagner (Van)
Power Play
Canucks - 2 on 7 Attempt(s) - 28.57%
Golden Knights - 1 on 3 Attempt(s) - 33.33%
Penalty Kill
Canucks - 2 on 3 Attempt(s) - 66.67%
- Score 0 goal in Penalty Kill
Golden Knights - 5 on 7 Attempt(s) - 71.43%
- Score 0 goal in Penalty Kill
Team Stat
Canucks - Hits : 18 - Faceoff Wins : 36 - Blocked Shots : 11 - Penalty Minutes : 6
Golden Knights - Hits : 15 - Faceoff Wins : 29 - Blocked Shots : 12 - Penalty Minutes : 14
Official
Referees : Steve Kozari and Jacob Brenk
Linesman : Travis Gawryletz and Greg Devorski
Game Notes
Jamie Oleksiak is injured at 6:15 of 2nd period (Right Knee)
Finance
Level 1 -- Attendance: 5544 (92.40%) -- Ticket Income $554,400
Level 2 -- Attendance: 5000 (100.00%) -- Ticket Income $300,000
Level 3 -- Attendance: 2000 (100.00%) -- Ticket Income $70,000
Level 4 -- Attendance: 4000 (100.00%) -- Ticket Income $100,000
Luxury Box -- Attendance: 912 (91.20%) -- Ticket Income $182,400
Game was played at the T-Mobile Arena.
Total Attendance: 17456 (96.98%)
Total Ticket Income: $1,206,800
Other Income: $181,020
Total Income: $1,387,820
Canucks
5 vs 5 Forward
Center Left Wing Right Wing Time % Phy DF OF
1 Robert Nilsson Sam Gagner Nick Palmieri 56 2 0 3
2 Derick Brassard Paul Stastny Jason Akeson 30 1 2 2
3 Cody Eakin Fabian Brunnstrom Garnet Hathaway 9 2 3 0
4 Maxim Talbot Paul Stastny Christian Fischer 5 2 3 0
5 vs 5 Defense
Defense Defense Time % Phy DF OF
1 Drew Doughty Tyler Myers 50 1 2 2
2 Alex Goligoski Michael Kostka 35 0 3 2
3 Yann Sauvé Shea Weber 10 1 3 1
4 Drew Doughty Alex Goligoski 5 0 2 3
PowerPlay Forward
Center Left Wing Right Wing Time % Phy DF OF
1 Robert Nilsson Sam Gagner Nick Palmieri 70 0 0 5
2 Derick Brassard Paul Stastny Jason Akeson 30 0 2 3
PowerPlay Defense
Defense Defense Time % Phy DF OF
1 Drew Doughty Alex Goligoski 60 0 0 5
2 Yann Sauvé Tyler Myers 40 0 0 5
Penalty Kill 4 Players Forward
Center Wing Time % Phy DF OF
1 Robert Nilsson Nick Palmieri 60 2 3 0
2 Derick Brassard Sam Gagner 40 3 2 0
Penalty Kill 4 Players Defense
Defense Defense Time % Phy DF OF
1 Tyler Myers Michael Kostka 60 3 2 0
2 Yann Sauvé Drew Doughty 40 2 3 0
Penalty Kill - 3 Players Forward
Forward Time % Phy DF OF
1 Robert Nilsson 60 1 2 2
2 Derick Brassard 40 1 2 2
Penalty Kill - 3 Players Defense
Defense Defense Time % Phy DF OF
1 Tyler Myers Drew Doughty 65 1 2 2
2 Yann Sauvé Michael Kostka 35 1 2 2
4 vs 4 Forward
Center Wing Time % Phy DF OF
1 Robert Nilsson Sam Gagner 60 1 2 2
2 Derick Brassard Paul Stastny 40 1 2 2
4 vs 4 Defense
Defense Defense Time % Phy DF OF
1 Tyler Myers Drew Doughty 60 1 2 2
2 Alex Goligoski Michael Kostka 40 1 2 2
Last Minutes Offensive
Center Left Wing Right Wing Defense Defense
Robert Nilsson Sam Gagner Nick Palmieri Tyler Myers Drew Doughty
Last Minutes Defensive
Center Left Wing Right Wing Defense Defense
Robert Nilsson Sam Gagner Derick Brassard Michael Kostka Yann Sauvé
Goaltenders
Starting : Ryan Miller
Backup : Keith Kinkaid
Extra Forwards
Normal : Fabian Brunnstrom, Jason Akeson, Maxim Talbot - PP : Fabian Brunnstrom, Jason Akeson - PK : Maxim Talbot
Extra Defensemen
Normal : Drew Doughty, Yann Sauvé, Michael Kostka - PP : Drew Doughty - PK : Tyler Myers, Michael Kostka
Penalty Shots
Derick Brassard, Robert Nilsson, Drew Doughty, Sam Gagner, Paul Stastny
Scratches
Alexander Steen (Healthy), Pekka Rinne (Healthy)
Golden Knights
5 vs 5 Forward
Center Left Wing Right Wing Time % Phy DF OF
1 Andrei Loktionov Kellan Lain Michael Frolik 40 1 2 2
2 Matt Stajan Andrew Cogliano Wayne Simmonds 30 1 2 2
3 Chris Tierney Thomas Vanek Nathan Horton 20 1 2 2
4 Martin Hanzal Shawn Matthias Mats Zuccarello 10 1 2 2
5 vs 5 Defense
Defense Defense Time % Phy DF OF
1 Zach Bogosian Mathew Dumba 40 1 2 2
2 Danny DeKeiser Vladimir Mihalik 30 1 2 2
3 Olli Maatta Jamie Oleksiak 20 1 2 2
4 Zach Bogosian Mathew Dumba 10 1 2 2
PowerPlay Forward
Center Left Wing Right Wing Time % Phy DF OF
1 Andrei Loktionov Kellan Lain Michael Frolik 60 1 2 2
2 Matt Stajan Andrew Cogliano Wayne Simmonds 40 1 2 2
PowerPlay Defense
Defense Defense Time % Phy DF OF
1 Zach Bogosian Mathew Dumba 60 1 2 2
2 Danny DeKeiser Vladimir Mihalik 40 1 2 2
Penalty Kill 4 Players Forward
Center Wing Time % Phy DF OF
1 Michael Frolik Andrei Loktionov 60 1 2 2
2 Matt Stajan Kellan Lain 40 1 2 2
Penalty Kill 4 Players Defense
Defense Defense Time % Phy DF OF
1 Zach Bogosian Mathew Dumba 60 1 2 2
2 Danny DeKeiser Vladimir Mihalik 40 1 2 2
Penalty Kill - 3 Players Forward
Forward Time % Phy DF OF
1 Michael Frolik 60 1 2 2
2 Andrei Loktionov 40 1 2 2
Penalty Kill - 3 Players Defense
Defense Defense Time % Phy DF OF
1 Zach Bogosian Mathew Dumba 60 1 2 2
2 Danny DeKeiser Vladimir Mihalik 40 1 2 2
4 vs 4 Forward
Center Wing Time % Phy DF OF
1 Michael Frolik Andrei Loktionov 60 1 2 2
2 Matt Stajan Kellan Lain 40 1 2 2
4 vs 4 Defense
Defense Defense Time % Phy DF OF
1 Zach Bogosian Mathew Dumba 60 1 2 2
2 Danny DeKeiser Vladimir Mihalik 40 1 2 2
Last Minutes Offensive
Center Left Wing Right Wing Defense Defense
Andrei Loktionov Kellan Lain Michael Frolik Zach Bogosian Mathew Dumba
Last Minutes Defensive
Center Left Wing Right Wing Defense Defense
Andrei Loktionov Kellan Lain Michael Frolik Zach Bogosian Mathew Dumba
Goaltenders
Starting : Matt Hackett
Backup : Ondrej Pavelec
Extra Forwards
Normal : Nathan Horton, Thomas Vanek, Chris Tierney - PP : Nathan Horton, Thomas Vanek - PK : Chris Tierney
Extra Defensemen
Normal : Olli Maatta, Jamie Oleksiak, Danny DeKeiser - PP : Olli Maatta - PK : Jamie Oleksiak, Danny DeKeiser
Penalty Shots
Michael Frolik, Andrei Loktionov, Matt Stajan, Kellan Lain, Andrew Cogliano
Scratches
None
% Time on Ice - Canucks
Lines # - Real PCT - Wanted PCT - Time Play
Normal Forward
1 - 35% - 56% - 15:22
2 - 27% - 30% - 11:32
3 - 27% - 9% - 11:45
4 - 11% - 5% - 4:42
Normal Defense
1 - 45% - 50% - 19:43
2 - 40% - 35% - 17:19
3 - 15% - 10% - 6:19
4 - 0% - 5% - 0:00
PP Forward
1 - 53% - 70% - 5:53
2 - 47% - 30% - 5:11
PP Defense
1 - 63% - 60% - 6:57
2 - 37% - 40% - 4:07
PK Forward
1 - 77% - 60% - 3:22
2 - 23% - 40% - 1:00
PK Defense
1 - 58% - 60% - 2:33
2 - 42% - 40% - 1:49
PK3 Forward
1 - 0% - 60%
2 - 0% - 40%
PK3 Defense
1 - 0% - 65%
2 - 0% - 35%
44 Forward
1 - 0% - 60%
2 - 0% - 40%
44 Defense
1 - 0% - 60%
2 - 0% - 40%
Last Minute Offensive - 0:00
Last Minute Defensive - 1:13
Total
Forward - 60:00
Defense - 60:00
|
% Time on Ice - Golden Knights
Lines # - Real PCT - Wanted PCT - Time Play
Normal Forward
1 - 31% - 40% - 13:36
2 - 29% - 30% - 12:35
3 - 23% - 20% - 10:10
4 - 16% - 10% - 7:01
Normal Defense
1 - 34% - 40% - 14:51
2 - 34% - 30% - 14:39
3 - 28% - 20% - 11:56
4 - 4% - 10% - 1:56
PP Forward
1 - 56% - 60% - 2:26
2 - 44% - 40% - 1:56
PP Defense
1 - 69% - 60% - 3:00
2 - 31% - 40% - 1:22
PK Forward
1 - 71% - 60% - 7:49
2 - 29% - 40% - 3:15
PK Defense
1 - 50% - 60% - 5:31
2 - 50% - 40% - 5:33
PK3 Forward
1 - 0% - 60%
2 - 0% - 40%
PK3 Defense
1 - 0% - 60%
2 - 0% - 40%
44 Forward
1 - 0% - 60%
2 - 0% - 40%
44 Defense
1 - 0% - 60%
2 - 0% - 40%
Last Minute Offensive - 1:12
Last Minute Defensive - 0:00
Total
Forward - 60:00
Defense - 60:00
|
Play-by-Play
1st period
0:01 of 1st period - Robert Nilsson wins face-off versus Andrei Loktionov in neutral zone.
2:33 of 1st period - Olli Maatta is hit by Robert Nilsson.
2:49 of 1st period - Slapshot by Paul Stastny.
2:49 of 1st period - Stopped by Matt Hackett with a rebound.
3:28 of 1st period - Wrist shot by Jamie Oleksiak.
3:28 of 1st period - Stopped by Ryan Miller without a rebound.
3:29 of 1st period - Derick Brassard wins face-off versus Matt Stajan in Canucks zone.
3:29 of 1st period - Derick Brassard is hit by Matt Stajan.
3:32 of 1st period - Minor Penalty to Jason Akeson for Goalie Interference.
3:33 of 1st period - Robert Nilsson wins face-off versus Andrei Loktionov in Canucks zone.
4:47 of 1st period - Danny DeKeiser is hit by Michael Kostka and loses puck.
5:32 of 1st period - Penalty to Jason Akeson is over, Jason Akeson is back on ice.
5:39 of 1st period - Snap shot by Nathan Horton.
5:39 of 1st period - Stopped by Ryan Miller with a rebound.
5:57 of 1st period - Wrist shot by Derick Brassard.
5:57 of 1st period - Shot Blocked by Shawn Matthias.
6:03 of 1st period - Wrist shot by Derick Brassard.
6:03 of 1st period - Shot Misses the Net.
6:09 of 1st period - Snap shot by Zach Bogosian.
6:09 of 1st period - Stopped by Ryan Miller with a rebound.
6:11 of 1st period - Slapshot by Zach Bogosian.
6:11 of 1st period - Shot Blocked by Drew Doughty.
6:25 of 1st period - Backhand shot by Drew Doughty.
6:25 of 1st period - Deflect By Maxim Talbot.
6:25 of 1st period - Stopped by Matt Hackett with a rebound.
6:55 of 1st period - Wrist shot by Maxim Talbot.
6:55 of 1st period - Stopped by Matt Hackett without a rebound.
6:56 of 1st period - Maxim Talbot wins face-off versus Michael Frolik in Golden Knights zone.
6:57 of 1st period - Wrist shot by Paul Stastny.
6:57 of 1st period - Shot Blocked by Michael Frolik.
7:19 of 1st period - Slapshot by Garnet Hathaway.
7:19 of 1st period - Stopped by Matt Hackett without a rebound.
7:20 of 1st period - Robert Nilsson wins face-off versus Andrei Loktionov in Golden Knights zone.
7:21 of 1st period - Wrist shot by Nick Palmieri.
7:21 of 1st period - Shot Misses the Net.
7:23 of 1st period - Slapshot by Michael Kostka.
7:23 of 1st period - Stopped by Matt Hackett without a rebound.
7:24 of 1st period - Robert Nilsson wins face-off versus Andrei Loktionov in Golden Knights zone.
7:39 of 1st period - Snap shot by Kellan Lain.
7:39 of 1st period - Shot Misses the Net.
8:03 of 1st period - Wrist shot by Derick Brassard.
8:03 of 1st period - Shot Misses the Net.
8:17 of 1st period - Snap shot by Cody Eakin.
8:17 of 1st period - Shot Misses the Net.
8:19 of 1st period - Snap shot by Cody Eakin.
8:19 of 1st period - Stopped by Matt Hackett with a rebound.
8:21 of 1st period - Slapshot by Fabian Brunnstrom.
8:21 of 1st period - Shot Misses the Net.
8:23 of 1st period - Slapshot by Michael Kostka.
8:23 of 1st period - Deflect By Garnet Hathaway.
8:23 of 1st period - Shot Blocked by Zach Bogosian.
8:23 of 1st period - Puck is out of play.
8:24 of 1st period - Andrei Loktionov wins face-off versus Robert Nilsson in Golden Knights zone.
8:41 of 1st period - Wrist shot by Michael Frolik.
8:41 of 1st period - Shot Blocked by Nick Palmieri.
8:51 of 1st period - Zach Bogosian is hit by Paul Stastny and loses puck.
10:26 of 1st period - Slapshot by Garnet Hathaway.
10:26 of 1st period - Deflect By Fabian Brunnstrom.
10:26 of 1st period - Shot Blocked by Thomas Vanek.
10:26 of 1st period - Puck is out of play.
10:27 of 1st period - Andrei Loktionov wins face-off versus Robert Nilsson in Golden Knights zone.
10:53 of 1st period - Minor Penalty to Matt Stajan for Interference.
10:54 of 1st period - Michael Frolik wins face-off versus Robert Nilsson in Golden Knights zone.
11:10 of 1st period - Off-side.
11:11 of 1st period - Robert Nilsson wins face-off versus Michael Frolik in neutral zone.
11:14 of 1st period - Slapshot by Drew Doughty.
11:14 of 1st period - Shot Blocked by Zach Bogosian.
11:40 of 1st period - Slapshot by Drew Doughty.
11:40 of 1st period - Goal by Drew Doughty - Canucks : 1 - Golden Knights : 0.
11:41 of 1st period - Andrei Loktionov wins face-off versus Robert Nilsson in neutral zone.
12:22 of 1st period - Minor Penalty to Jason Akeson for High sticking.
12:23 of 1st period - Andrei Loktionov wins face-off versus Robert Nilsson in Canucks zone.
12:38 of 1st period - Wrist shot by Michael Frolik.
12:38 of 1st period - Stopped by Ryan Miller without a rebound.
12:39 of 1st period - Andrei Loktionov wins face-off versus Robert Nilsson in Canucks zone.
12:46 of 1st period - Wrist shot by Kellan Lain.
12:46 of 1st period - Goal by Kellan Lain - Canucks : 1 - Golden Knights : 1.
12:47 of 1st period - Andrei Loktionov wins face-off versus Robert Nilsson in neutral zone.
13:14 of 1st period - Andrew Cogliano is hit by Tyler Myers.
13:18 of 1st period - Slapshot by Zach Bogosian.
13:18 of 1st period - Shot Misses the Net.
13:20 of 1st period - Slapshot by Mathew Dumba.
13:20 of 1st period - Deflect By Matt Stajan.
13:20 of 1st period - Stopped by Ryan Miller with a rebound.
14:22 of 1st period - Slapshot by Derick Brassard.
14:22 of 1st period - Shot Misses the Net.
14:24 of 1st period - Snap shot by Derick Brassard.
14:24 of 1st period - Shot Misses the Net.
14:26 of 1st period - Slapshot by Drew Doughty.
14:26 of 1st period - Deflect By Kellan Lain.
14:26 of 1st period - Stopped by Matt Hackett without a rebound.
14:27 of 1st period - Cody Eakin wins face-off versus Matt Stajan in Golden Knights zone.
14:28 of 1st period - Slapshot by Michael Kostka.
14:28 of 1st period - Stopped by Matt Hackett without a rebound.
14:29 of 1st period - Cody Eakin wins face-off versus Wayne Simmonds in Golden Knights zone.
14:32 of 1st period - Wrist shot by Fabian Brunnstrom.
14:32 of 1st period - Stopped by Matt Hackett without a rebound.
14:33 of 1st period - Cody Eakin wins face-off versus Matt Stajan in Golden Knights zone.
15:18 of 1st period - Nathan Horton is hit by Derick Brassard and loses puck.
15:27 of 1st period - Wrist shot by Thomas Vanek.
15:27 of 1st period - Shot Misses the Net.
15:29 of 1st period - Slapshot by Vladimir Mihalik.
15:29 of 1st period - Shot Blocked by Michael Kostka.
15:39 of 1st period - Alex Goligoski is hit by Vladimir Mihalik and loses puck.
15:48 of 1st period - Slapshot by Mats Zuccarello.
15:48 of 1st period - Stopped by Ryan Miller without a rebound.
15:49 of 1st period - Andrei Loktionov wins face-off versus Robert Nilsson in Canucks zone.
16:02 of 1st period - Slapshot by Michael Frolik.
16:02 of 1st period - Stopped by Ryan Miller without a rebound.
16:03 of 1st period - Andrei Loktionov wins face-off versus Robert Nilsson in Canucks zone.
16:10 of 1st period - Wrist shot by Michael Frolik.
16:10 of 1st period - Stopped by Ryan Miller without a rebound.
16:11 of 1st period - Kellan Lain wins face-off versus Robert Nilsson in Canucks zone.
16:50 of 1st period - Zach Bogosian is hit by Drew Doughty and loses puck.
17:01 of 1st period - Slapshot by Sam Gagner.
17:01 of 1st period - Stopped by Matt Hackett with a rebound.
17:11 of 1st period - Snap shot by Nick Palmieri.
17:11 of 1st period - Stopped by Matt Hackett without a rebound.
17:12 of 1st period - Derick Brassard wins face-off versus Matt Stajan in Golden Knights zone.
17:23 of 1st period - Snap shot by Wayne Simmonds.
17:23 of 1st period - Shot Blocked by Alex Goligoski.
17:25 of 1st period - Wrist shot by Andrew Cogliano.
17:25 of 1st period - Shot Misses the Net.
18:18 of 1st period - Snap shot by Matt Stajan.
18:18 of 1st period - Stopped by Ryan Miller without a rebound.
18:19 of 1st period - Cody Eakin wins face-off versus Matt Stajan in Canucks zone.
19:06 of 1st period - Snap shot by Matt Stajan.
19:06 of 1st period - Stopped by Ryan Miller with a rebound.
19:08 of 1st period - Slapshot by Wayne Simmonds.
19:08 of 1st period - Stopped by Ryan Miller with a rebound.
19:10 of 1st period - Slapshot by Olli Maatta.
19:10 of 1st period - Shot Blocked by Drew Doughty.
19:18 of 1st period - Slapshot by Andrew Cogliano.
19:18 of 1st period - Shot Hit the Post.
19:20 of 1st period - Snap shot by Olli Maatta.
19:20 of 1st period - Shot Misses the Net.
19:22 of 1st period - Backhand shot by Matt Stajan.
19:22 of 1st period - Shot Blocked by Drew Doughty.
19:24 of 1st period - Wrist shot by Zach Bogosian.
19:24 of 1st period - Deflect By Drew Doughty.
19:24 of 1st period - Stopped by Ryan Miller with a rebound.
19:26 of 1st period - Snap shot by Matt Stajan.
19:26 of 1st period - Shot Misses the Net.
19:28 of 1st period - Slapshot by Mathew Dumba.
19:28 of 1st period - Shot Blocked by Drew Doughty.
19:30 of 1st period - Slapshot by Andrew Cogliano.
19:30 of 1st period - Deflect By Wayne Simmonds.
19:30 of 1st period - Shot Misses the Net.
19:30 of 1st period - Puck is out of play.
19:31 of 1st period - Nick Palmieri wins face-off versus Andrei Loktionov in Canucks zone.
19:43 of 1st period - Minor Penalty to Mathew Dumba for Hooking.
19:44 of 1st period - Robert Nilsson wins face-off versus Michael Frolik in Golden Knights zone.
19:56 of 1st period - Wrist shot by Robert Nilsson.
19:56 of 1st period - Stopped by Matt Hackett with a rebound.
Goals for this period are 1 for Canucks vs 1 for Golden Knights.
Shots for this period are 13 for Canucks vs 13 for Golden Knights.
2nd period
0:01 of 2nd period - Robert Nilsson wins face-off versus Michael Frolik in neutral zone.
0:04 of 2nd period - Slapshot by Sam Gagner.
0:04 of 2nd period - Goal by Sam Gagner - Canucks : 2 - Golden Knights : 1.
0:05 of 2nd period - Andrei Loktionov wins face-off versus Robert Nilsson in neutral zone.
0:16 of 2nd period - Mathew Dumba is hit by Robert Nilsson and loses puck.
0:31 of 2nd period - Mathew Dumba is hit by Tyler Myers and loses puck.
0:42 of 2nd period - Snap shot by Andrei Loktionov.
0:42 of 2nd period - Stopped by Ryan Miller without a rebound.
0:43 of 2nd period - Robert Nilsson wins face-off versus Matt Stajan in Canucks zone.
1:38 of 2nd period - Slapshot by Alex Goligoski.
1:38 of 2nd period - Shot Misses the Net.
1:40 of 2nd period - Slapshot by Alex Goligoski.
1:40 of 2nd period - Deflect By Mats Zuccarello.
1:40 of 2nd period - Stopped by Matt Hackett without a rebound.
1:41 of 2nd period - Andrei Loktionov wins face-off versus Cody Eakin in Golden Knights zone.
2:16 of 2nd period - Wrist shot by Wayne Simmonds.
2:16 of 2nd period - Shot Misses the Net.
2:34 of 2nd period - Slapshot by Nathan Horton.
2:34 of 2nd period - Deflect By Yann Sauvé.
2:34 of 2nd period - Shot Blocked by Jason Akeson.
2:34 of 2nd period - Puck is out of play.
2:35 of 2nd period - Robert Nilsson wins face-off versus Michael Frolik in Canucks zone.
3:26 of 2nd period - Wrist shot by Mats Zuccarello.
3:26 of 2nd period - Stopped by Ryan Miller without a rebound.
3:27 of 2nd period - Martin Hanzal wins face-off versus Cody Eakin in Canucks zone.
3:30 of 2nd period - Snap shot by Martin Hanzal.
3:30 of 2nd period - Shot Misses the Net.
4:06 of 2nd period - Slapshot by Fabian Brunnstrom.
4:06 of 2nd period - Stopped by Matt Hackett without a rebound.
4:07 of 2nd period - Robert Nilsson wins face-off versus Andrew Cogliano in Golden Knights zone.
4:10 of 2nd period - Wrist shot by Robert Nilsson.
4:10 of 2nd period - Stopped by Matt Hackett with a rebound.
4:12 of 2nd period - Backhand shot by Robert Nilsson.
4:12 of 2nd period - Shot Misses the Net.
5:27 of 2nd period - Snap shot by Matt Stajan.
5:27 of 2nd period - Deflect By Andrew Cogliano.
5:27 of 2nd period - Stopped by Ryan Miller without a rebound.
5:28 of 2nd period - Robert Nilsson wins face-off versus Matt Stajan in Canucks zone.
5:28 of 2nd period - Robert Nilsson is hit by Wayne Simmonds.
6:15 of 2nd period - Snap shot by Fabian Brunnstrom.
6:15 of 2nd period - Shot Blocked by Jamie Oleksiak.
6:15 of 2nd period - Jamie Oleksiak from Golden Knights is injured at 6:15 of 2nd period (Right Knee).
6:16 of 2nd period - Andrei Loktionov wins face-off versus Robert Nilsson in Golden Knights zone.
7:28 of 2nd period - Icing by Vladimir Mihalik.
7:29 of 2nd period - Maxim Talbot wins face-off versus Martin Hanzal in Golden Knights zone.
7:30 of 2nd period - Snap shot by Alex Goligoski.
7:30 of 2nd period - Stopped by Matt Hackett without a rebound.
7:31 of 2nd period - Maxim Talbot wins face-off versus Martin Hanzal in Golden Knights zone.
7:57 of 2nd period - Alex Goligoski is hit by Andrew Cogliano and loses puck.
8:06 of 2nd period - Snap shot by Matt Stajan.
8:06 of 2nd period - Stopped by Ryan Miller without a rebound.
8:07 of 2nd period - Sam Gagner wins face-off versus Andrei Loktionov in Canucks zone.
8:07 of 2nd period - Sam Gagner is hit by Vladimir Mihalik.
8:13 of 2nd period - Slapshot by Tyler Myers.
8:13 of 2nd period - Stopped by Matt Hackett without a rebound.
8:14 of 2nd period - Andrei Loktionov wins face-off versus Robert Nilsson in Golden Knights zone.
8:23 of 2nd period - Kellan Lain is hit by Nick Palmieri and loses puck.
8:37 of 2nd period - Icing by Robert Nilsson.
8:38 of 2nd period - Robert Nilsson wins face-off versus Matt Stajan in Canucks zone.
8:38 of 2nd period - Robert Nilsson is hit by Wayne Simmonds.
11:02 of 2nd period - Robert Nilsson is hit by Nathan Horton and loses puck.
11:19 of 2nd period - Off-side.
11:20 of 2nd period - Robert Nilsson wins face-off versus Martin Hanzal in neutral zone.
11:30 of 2nd period - Snap shot by Sam Gagner.
11:30 of 2nd period - Stopped by Matt Hackett with a rebound.
11:44 of 2nd period - Snap shot by Michael Frolik.
11:44 of 2nd period - Stopped by Ryan Miller with a rebound.
11:46 of 2nd period - Wrist shot by Andrei Loktionov.
11:46 of 2nd period - Shot Blocked by Derick Brassard.
11:58 of 2nd period - Snap shot by Cody Eakin.
11:58 of 2nd period - Shot Misses the Net.
12:14 of 2nd period - Snap shot by Nick Palmieri.
12:14 of 2nd period - Stopped by Matt Hackett without a rebound.
12:15 of 2nd period - Chris Tierney wins face-off versus Robert Nilsson in Golden Knights zone.
12:19 of 2nd period - Off-side.
12:20 of 2nd period - Chris Tierney wins face-off versus Robert Nilsson in neutral zone.
12:23 of 2nd period - Slapshot by Danny DeKeiser.
12:23 of 2nd period - Stopped by Ryan Miller without a rebound.
12:24 of 2nd period - Robert Nilsson wins face-off versus Chris Tierney in Canucks zone.
13:19 of 2nd period - Snap shot by Fabian Brunnstrom.
13:19 of 2nd period - Shot Misses the Net.
13:21 of 2nd period - Slapshot by Garnet Hathaway.
13:21 of 2nd period - Stopped by Matt Hackett without a rebound.
13:22 of 2nd period - Matt Stajan wins face-off versus Robert Nilsson in Golden Knights zone.
14:00 of 2nd period - Slapshot by Drew Doughty.
14:00 of 2nd period - Deflect By Paul Stastny.
14:00 of 2nd period - Shot Misses the Net.
14:00 of 2nd period - Puck is out of play.
14:01 of 2nd period - Derick Brassard wins face-off versus Chris Tierney in Golden Knights zone.
14:07 of 2nd period - Off-side.
14:08 of 2nd period - Chris Tierney wins face-off versus Derick Brassard in neutral zone.
14:31 of 2nd period - Thomas Vanek is hit by Michael Kostka and loses puck.
15:01 of 2nd period - Icing by Thomas Vanek.
15:02 of 2nd period - Chris Tierney wins face-off versus Robert Nilsson in Golden Knights zone.
15:02 of 2nd period - Chris Tierney is hit by Sam Gagner.
15:24 of 2nd period - Robert Nilsson is hit by Thomas Vanek.
15:35 of 2nd period - Minor Penalty to Vladimir Mihalik for Slashing.
15:36 of 2nd period - Michael Frolik wins face-off versus Derick Brassard in Golden Knights zone.
15:36 of 2nd period - Michael Frolik is hit by Derick Brassard.
16:15 of 2nd period - Snap shot by Robert Nilsson.
16:15 of 2nd period - Shot Misses the Net.
16:17 of 2nd period - Snap shot by Nick Palmieri.
16:17 of 2nd period - Shot Misses the Net.
16:19 of 2nd period - Snap shot by Drew Doughty.
16:19 of 2nd period - Shot Blocked by Matt Stajan.
17:33 of 2nd period - Tyler Myers is hit by Olli Maatta and loses puck.
17:35 of 2nd period - Penalty to Vladimir Mihalik is over, Vladimir Mihalik is back on ice.
19:49 of 2nd period - Icing by Robert Nilsson.
19:50 of 2nd period - Robert Nilsson wins face-off versus Matt Stajan in Canucks zone.
Goals for this period are 1 for Canucks vs 0 for Golden Knights.
Shots for this period are 9 for Canucks vs 6 for Golden Knights.
3rd period
0:01 of 3rd period - Andrei Loktionov wins face-off versus Robert Nilsson in neutral zone.
0:03 of 3rd period - Mathew Dumba is hit by Drew Doughty and loses puck.
0:16 of 3rd period - Slapshot by Zach Bogosian.
0:16 of 3rd period - Stopped by Ryan Miller with a rebound.
1:04 of 3rd period - Minor Penalty to Martin Hanzal for Interference.
1:05 of 3rd period - Robert Nilsson wins face-off versus Michael Frolik in Golden Knights zone.
1:14 of 3rd period - Slapshot by Alex Goligoski.
1:14 of 3rd period - Stopped by Matt Hackett without a rebound.
1:15 of 3rd period - Michael Frolik wins face-off versus Robert Nilsson in Golden Knights zone.
1:32 of 3rd period - Slapshot by Nick Palmieri.
1:32 of 3rd period - Shot Blocked by Andrei Loktionov.
1:34 of 3rd period - Snap shot by Robert Nilsson.
1:34 of 3rd period - Shot Blocked by Mathew Dumba.
1:46 of 3rd period - Snap shot by Drew Doughty.
1:46 of 3rd period - Shot Blocked by Vladimir Mihalik.
2:13 of 3rd period - Slapshot by Paul Stastny.
2:13 of 3rd period - Stopped by Matt Hackett with a rebound.
2:38 of 3rd period - Icing by Paul Stastny.
2:39 of 3rd period - Nick Palmieri wins face-off versus Michael Frolik in Canucks zone.
3:04 of 3rd period - Penalty to Martin Hanzal is over, Martin Hanzal is back on ice.
3:36 of 3rd period - Slapshot by Chris Tierney.
3:36 of 3rd period - Stopped by Ryan Miller without a rebound.
3:37 of 3rd period - Robert Nilsson wins face-off versus Chris Tierney in Canucks zone.
4:44 of 3rd period - Slapshot by Fabian Brunnstrom.
4:44 of 3rd period - Shot Misses the Net.
4:52 of 3rd period - Slapshot by Zach Bogosian.
4:52 of 3rd period - Stopped by Ryan Miller without a rebound.
4:53 of 3rd period - Maxim Talbot wins face-off versus Andrei Loktionov in Canucks zone.
5:23 of 3rd period - Snap shot by Andrew Cogliano.
5:23 of 3rd period - Stopped by Ryan Miller with a rebound.
5:25 of 3rd period - Snap shot by Andrew Cogliano.
5:25 of 3rd period - Stopped by Ryan Miller with a rebound.
6:32 of 3rd period - Snap shot by Kellan Lain.
6:32 of 3rd period - Stopped by Ryan Miller without a rebound.
6:33 of 3rd period - Matt Stajan wins face-off versus Nick Palmieri in Canucks zone.
6:51 of 3rd period - Double Minor Penalty to Vladimir Mihalik for Slashing.
6:52 of 3rd period - Robert Nilsson wins face-off versus Michael Frolik in Golden Knights zone.
7:53 of 3rd period - Off-side.
7:54 of 3rd period - Michael Frolik wins face-off versus Sam Gagner in neutral zone.
8:07 of 3rd period - Slapshot by Alex Goligoski.
8:07 of 3rd period - Shot Blocked by Danny DeKeiser.
8:09 of 3rd period - Backhand shot by Sam Gagner.
8:09 of 3rd period - Stopped by Matt Hackett with a rebound.
8:55 of 3rd period - Snap shot by Andrew Cogliano.
8:55 of 3rd period - Shot Blocked by Derick Brassard.
10:09 of 3rd period - Chris Tierney is hit by Garnet Hathaway and loses puck.
10:51 of 3rd period - Penalty to Vladimir Mihalik is over, Vladimir Mihalik is back on ice.
11:13 of 3rd period - Off-side.
11:14 of 3rd period - Cody Eakin wins face-off versus Martin Hanzal in neutral zone.
11:23 of 3rd period - Garnet Hathaway is hit by Mats Zuccarello and loses puck.
11:52 of 3rd period - Snap shot by Paul Stastny.
11:52 of 3rd period - Stopped by Matt Hackett with a rebound.
11:54 of 3rd period - Slapshot by Drew Doughty.
11:54 of 3rd period - Shot Hit the Post.
12:07 of 3rd period - Off-side.
12:08 of 3rd period - Andrei Loktionov wins face-off versus Fabian Brunnstrom in neutral zone.
12:42 of 3rd period - Tyler Myers is hit by Danny DeKeiser and loses puck.
13:02 of 3rd period - Wrist shot by Paul Stastny.
13:02 of 3rd period - Stopped by Matt Hackett with a rebound.
13:04 of 3rd period - Minor Penalty to Martin Hanzal for Roughing.
13:05 of 3rd period - Nick Palmieri wins face-off versus Michael Frolik in Golden Knights zone.
13:22 of 3rd period - Slapshot by Drew Doughty.
13:22 of 3rd period - Shot Misses the Net.
13:32 of 3rd period - Mathew Dumba is hit by Paul Stastny and loses puck.
13:51 of 3rd period - Paul Stastny is hit by Danny DeKeiser and loses puck.
14:00 of 3rd period - Danny DeKeiser is hit by Paul Stastny and loses puck.
14:53 of 3rd period - Snap shot by Derick Brassard.
14:53 of 3rd period - Stopped by Matt Hackett without a rebound.
14:54 of 3rd period - Andrei Loktionov wins face-off versus Robert Nilsson in Golden Knights zone.
15:04 of 3rd period - Penalty to Martin Hanzal is over, Martin Hanzal is back on ice.
15:09 of 3rd period - Snap shot by Sam Gagner.
15:09 of 3rd period - Shot Misses the Net.
15:11 of 3rd period - Slapshot by Yann Sauvé.
15:11 of 3rd period - Shot Blocked by Vladimir Mihalik.
15:24 of 3rd period - Minor Penalty to Garnet Hathaway for Tripping.
15:25 of 3rd period - Robert Nilsson wins face-off versus Andrei Loktionov in Canucks zone.
17:24 of 3rd period - Penalty to Garnet Hathaway is over, Garnet Hathaway is back on ice.
17:34 of 3rd period - Martin Hanzal is hit by Derick Brassard and loses puck.
17:45 of 3rd period - Derick Brassard is hit by Thomas Vanek and loses puck.
17:54 of 3rd period - Snap shot by Chris Tierney.
17:54 of 3rd period - Shot Blocked by Paul Stastny.
17:56 of 3rd period - Snap shot by Thomas Vanek.
17:56 of 3rd period - Stopped by Ryan Miller without a rebound.
17:57 of 3rd period - Robert Nilsson wins face-off versus Martin Hanzal in Canucks zone.
18:13 of 3rd period - Nick Palmieri is hit by Shawn Matthias and loses puck.
18:55 of 3rd period - Mathew Dumba is hit by Tyler Myers and loses puck.
19:06 of 3rd period - Yann Sauvé is hit by Mathew Dumba and loses puck.
19:09 of 3rd period - Golden Knights, Matt Hackett is pulled from the net.
19:26 of 3rd period - Off-side.
19:27 of 3rd period - Guy Boucher call a timeout for Golden Knights.
19:27 of 3rd period - Andrei Loktionov wins face-off versus Sam Gagner in neutral zone.
19:34 of 3rd period - Wrist shot by Andrei Loktionov.
19:34 of 3rd period - Stopped by Ryan Miller without a rebound.
19:35 of 3rd period - Andrei Loktionov wins face-off versus Robert Nilsson in Canucks zone.
19:38 of 3rd period - Backhand shot by Michael Frolik.
19:38 of 3rd period - Stopped by Ryan Miller with a rebound.
19:40 of 3rd period - Slapshot by Mathew Dumba.
19:40 of 3rd period - Shot Misses the Net.
Goals for this period are 0 for Canucks vs 0 for Golden Knights.
Shots for this period are 6 for Canucks vs 9 for Golden Knights.